 Dungeon Crawl Stone Soup version 0.31.0-1-g2c135a0 (webtiles) character file.

Game seed: 15233285491323271348

46 jagoly the Trooper (level 3, 0/24 HPs)
             Began as a Gargoyle Monk on Jan 28, 2024.
             Slain by an iguana (7 damage)
             ... on level 4 of the Dungeon.
             The game lasted 00:04:42 (831 turns).

jagoly the Trooper (Gargoyle Monk)                   Turns: 831, Time: 00:04:42

Health: 0/24       AC:  6    Str: 16    XL:     3   Next: 68%
Magic:  3/3        EV: 12    Int: 10    God:
Gold:   62         SH:  0    Dex: 12    Spells: 2/2 levels left

rFire   . . .        a - +0 hand axe
rCold   . . .        d - orb {light}
rNeg    + . .        b - +0 robe
rPois   ∞            (no helmet)
rElec   +            k - +0 cloak
rCorr   .            (no gloves)
SInv    .            (no boots)
Will    .....        (no amulet)
Stlth   +            (no ring)
HPRegen 0.24/turn    (no ring)
MPRegen 0.08/turn

%: no passive effects
@: confused, ambrosia-drunk, glowing
A: sickness immunity, AC +3, negative energy resistance 1, electricity
resistance, torment resistance 1, petrification resistance
a: no special abilities


You were on level 4 of the Dungeon.
You visited 1 branch of the dungeon, and saw 4 of its levels.

You collected 62 gold pieces.

Inventory:

Hand Weapons
 a - a +0 hand axe (weapon)
 f - a +0 dagger of venom
Missiles
 e - 31 stones (quivered)
Armour
 b - a +0 robe (worn)
 d - an orb of light (worn)
 k - a +0 cloak (worn)
Wands
 n - a wand of paralysis (12)
Scrolls
 g - a scroll of amnesia {unknown}
 i - a scroll of fog {unknown}
 j - 2 scrolls of enchant armour {unknown}
 l - 2 scrolls of vulnerability {unknown}
Potions
 c - a potion of ambrosia
 h - a potion of invisibility {unknown}
 m - a potion of curing {unknown}
 o - a potion of haste {unknown}
 p - a potion of magic {unknown}


   Skills:
 + Level 3.9 Fighting
 * Level 3.6 Axes
 - Level 2.4 Dodging
 - Level 1.0 Stealth


You had 2 spell levels left.
You didn't know any spells.
Your spell library contained the following spells:

 Spells                   Type           Power      Damage    Failure   Level
 Magic Dart               Conj           0%         1d3       36%         1
 Sandblast                Erth           0%         2d4       36%         1
 Blink                    Tloc           0%         N/A       50%         2
 Call Imp                 Summ           0%         N/A       50%         2
 Passwall                 Erth           0%         N/A       75%         3
 Stone Arrow              Conj/Erth      0%         3d7       75%         3
 Brom's Barrelling Bould  Conj/Erth      0%         2d3       98%         4


Dungeon Overview and Level Annotations

Branches:
Dungeon (4/15) Zot: 23156
 Temple: D:4-7

Altars:

Shops:
D:3 (


Innate Abilities, Weirdness & Mutations

You are immune to sickness and miasma.
Your stone body is resilient. (AC +3)
You are immune to poison.
You resist negative energy. (rN+)
You are resistant to electric shocks. (rElec)
You are resistant to unholy torment.
You are immune to petrification.


Message History

You barely miss the kobold. You hit the kobold.
The kobold is moderately wounded.
You hit the kobold. The kobold misses you.
The kobold hits you but does no damage.
You hit the kobold.
The kobold is heavily wounded.
You hit the kobold. The kobold hits you but does no damage.
A hobgoblin comes into view.
The kobold closely misses you. The kobold barely misses you. x2
You slash the kobold!
You kill the kobold!
You hit the kobold but do no damage. The kobold hits you but does no damage.
You hit the kobold.
You kill the kobold!
You hit the hobgoblin.
A frilled lizard comes into view.
The hobgoblin misses you.
You hit the hobgoblin.
You kill the hobgoblin!
Found 14 gold pieces.
The frilled lizard barely misses you.
There is an open door here.
Things that are here:
a +0 short sword; 3 stones You hit the frilled lizard.
You kill the frilled lizard!
e - 15 stones (gained 4)
Things that are here:
a +0 dagger of venom; a kobold corpse
f - a +0 dagger of venom
e - 18 stones (gained 3)
There is an open door here.
You see here a +0 short sword.
You see here a frilled lizard corpse.
A ball python comes into view.
The ball python hisses angrily.
You see here 14 gold pieces.
A ball python is nearby!
You now have 15 gold pieces (gained 14).
A giant cockroach comes into view.
Found a scroll labelled KULYRPHO MIPNIG.
The ball python barely misses you. x2
You hit the ball python.
You kill the ball python!
Your Axes skill increases to level 3!
You have reached level 2!
The giant cockroach barely misses you.
You see here a ball python corpse.
You hit the giant cockroach.
You kill the giant cockroach!
No target in view!
No target in view!
You see here a giant cockroach corpse.
g - a scroll labelled KULYRPHO MIPNIG As you open the door, it creaks loudly!
Found an amethyst potion.
There is an open door here.
h - an amethyst potion Sorry, you're not good enough to have a special ability.
Unknown command.
You open the door.
Found a stone staircase leading down.
There is an open door here.
Found a scroll labelled WIAZXI GUYNTI.
There is a stone staircase leading down here.
You climb downwards.
Found a stone staircase leading up.
There is a stone staircase leading up here.
You climb upwards.
There is a stone staircase leading down here.
i - a scroll labelled WIAZXI GUYNTI
There is an open door here.
Found 6 stones.
A ball python comes into view.
The ball python hisses angrily.
A ball python is nearby!
A ball python is nearby!
You see here 6 stones.
e - 24 stones (gained 6)
The ball python bites you. The ball python completely misses you.
You hit the ball python but do no damage.
The ball python closely misses you. x2; The ball python bites you.
The ball python barely misses you.
You barely miss the ball python. The ball python closely misses you.
The ball python grabs you. The ball python constricts you.
You hit the ball python but do no damage.
The ball python bites you but does no damage.
The ball python constricts you.
You hit the ball python.
You kill the ball python!
No target in view!
No target in view!
You see here a ball python corpse.
Found a mace.
HP restored.
A rat comes into view.
The rat squeaks loudly.
You open the door.
There is an open door here.
Found a scroll labelled ANAEBI XA NYH.
The rat bites you but does no damage.
A kobold comes into view. It is wielding a +0 short sword.
You see here a +0 mace.
You hit the rat.
The rat is moderately wounded.
The rat bites you.
You hit the rat.
You kill the rat!
Found an escape hatch in the floor.
You hit the kobold.
You kill the kobold!
No target in view!
No target in view!
No target in view!
Things that are here:
a +0 short sword; a kobold corpse
There is an open door here.
You open the door.
There is an open door here.
An endoplasm comes into view.
Found a cloak.
You see here a scroll labelled ANAEBI XA NYH.
j - a scroll labelled ANAEBI XA NYH The endoplasm quivers.
A dart slug comes into view.
You hit the endoplasm.
The endoplasm is heavily wounded.
The endoplasm closely misses you. x2
You slash the endoplasm!
You kill the endoplasm!
Training target 1.0 for Stealth reached!
Your Stealth skill increases to level 1!
The dart slug launches a dart at you. The slug dart misses you.
You hit the dart slug.
The dart slug is lightly wounded.
The dart slug bites you.
You hit the dart slug.
The dart slug is moderately wounded.
The dart slug bites you but does no damage.
You hit the dart slug.
The dart slug is moderately wounded.
You hit the dart slug.
The dart slug is almost dead.
The dart slug launches a dart at you. The slug dart misses you.
You hit the dart slug.
You kill the dart slug!
No target in view!
No target in view!
No target in view!
You see here a dart slug corpse.
You see here a +0 cloak.
You start putting on your armour.
You continue putting on your +0 cloak. x4
You finish putting on your +0 cloak.
A bat comes into view.
The bat moves out of view.
Found a stone staircase leading down.
The bat misses you.
You closely miss the bat. The bat hits you but does no damage.
The bat hits you but does no damage.
No target in view!
No target in view!
No target in view!
The bat hits you but does no damage.
You completely miss the bat. The bat barely misses you.
The bat hits you but does no damage. The bat misses you.
You barely miss the bat. The bat hits you.
No target in view!
No target in view!
The bat closely misses you.
You hit the bat.
You kill the bat!
No target in view!
No target in view!
There is a stone staircase leading down here.
You climb downwards.
There is a stone staircase leading up here.
Found a stone.
Found 3 stones.
Found a scroll labelled CIDWANUNWA and 17 gold pieces.
A ball python comes into view.
The ball python hisses angrily.
A rat comes into view.
You see here 3 stones.
e - 27 stones (gained 3)
The rat squeaks loudly.
You hear a shout!
A bat comes into view.
The bat hits you but does no damage.
You see here a scroll labelled CIDWANUNWA.
l - a scroll labelled CIDWANUNWA You barely miss the bat.
The bat barely misses you. The ball python bites you.
The ball python grabs you. The ball python constricts you.
You barely miss the ball python.
The ball python bites you but does no damage.
The ball python constricts you.
You completely miss the ball python. The ball python barely misses you.
The ball python constricts you.
A kobold comes into view. It is wielding a +0 short sword.
The ball python bites you but does no damage.
The ball python constricts you.
You hit the ball python but do no damage.
The ball python bites you but does no damage.
The ball python constricts you.
You hit the ball python.
You kill the ball python!
The bat misses you.
A ball python comes into view.
The ball python hisses angrily.
You slash the kobold!
You kill the kobold!
The bat misses you.
You hit the rat.
You kill the rat!
The bat barely misses you. The bat closely misses you.
You barely miss the bat. The bat barely misses you.
The ball python bites you but does no damage.
The ball python closely misses you.
You hit the ball python but do no damage.
The ball python bites you. The ball python closely misses you.
You hit the ball python but do no damage.
The ball python barely misses you. The ball python grabs you.
The ball python constricts you.
The ball python bites you but does no damage.
The ball python constricts you.
You barely miss the ball python. The ball python bites you.
The ball python constricts you.
You barely miss the ball python. The ball python bites you.
The ball python constricts you.
You hit the ball python.
You kill the ball python!
The bat closely misses you. The bat hits you but does no damage.
The bat misses you.
Things that are here:
a +0 short sword; a kobold corpse; a ball python corpse You hit the bat.
You kill the bat!
m - a +0 short sword
Press: ? - help, v - describe, . - travel, g - get item
Items here: a kobold corpse; a ball python corpse.
The floor.
This square is lit by a halo.
You drop a +0 short sword.
You see here a bat corpse.
You now have 26 gold pieces (gained 11).
Found 14 gold pieces.
You now have 32 gold pieces (gained 6).
You now have 46 gold pieces (gained 14).
A hobgoblin comes into view.
The hobgoblin moves out of view.
You see here a stone.
e - 28 stones (gained 1)
You hit the hobgoblin.
The hobgoblin is almost dead.
The hobgoblin misses you.
You hit the hobgoblin.
You kill the hobgoblin!
No target in view!
No target in view!
Found a stone staircase leading down.
There is a stone staircase leading down here.
You climb downwards.
The ball python hisses angrily.
There is a stone staircase leading up here.
A ball python comes into view.
The ball python hisses angrily.
You hit the ball python.
You kill the ball python!
The ball python bites you but does no damage.
The ball python grabs you. The ball python constricts you.
You barely miss the ball python. The ball python bites you.
The ball python constricts you.
You hit the ball python.
The ball python is heavily wounded.
The ball python bites you. The ball python constricts you.
The ball python closely misses you. The ball python constricts you.
You hit the ball python but do no damage.
The ball python is heavily wounded.
The ball python bites you but does no damage.
The ball python constricts you.
You hit the ball python.
You kill the ball python!
You have reached level 3!
Your experience leads to an increase in your attributes!
Increase (S)trength, (I)ntelligence, or (D)exterity?
You feel stronger. x2
You see here a ball python corpse.
Found Omeasch's Antique Weapon Shop.
There is an entrance to Omeasch's Antique Weapon Shop here.
Found a fuming silvery potion.
Found 4 stones.
Found a potion of ambrosia.
A ball python comes into view.
The ball python hisses angrily.
A rat comes into view.
The rat squeaks loudly.
You see here a fuming silvery potion.
m - a fuming silvery potion You hit the rat but do no damage.
The rat closely misses you. The rat barely misses you.
You barely miss the rat. You hit the ball python.
You kill the ball python!
The rat barely misses you.
You hit the rat.
You kill the rat!
No target in view!
e - 32 stones (gained 4)
c - 2 potions of ambrosia (gained 1)
Found a stone staircase leading down.
There is a stone staircase leading down here.
You climb downwards.
There is a stone staircase leading up here.
Found a golden potion.
Found a glowing ivory wand.
n - a wand of paralysis (12)
An endoplasm comes into view.
The endoplasm quivers.
The endoplasm moves out of view.
A gnoll comes into view. It is wielding a +0 halberd.
The gnoll shouts!
You hear a shout!
A gnoll comes into view. It is wielding a +0 spear.
You hear a shout!
The gnoll shouts!
You hear a shout!
You see here a golden potion.
o - a golden potion A goblin comes into view.
It is wielding a +0 dagger.
The endoplasm barely misses you. The endoplasm hits you.
A gnoll bouda comes into view. It is wielding a +0 whip.
The gnoll bouda shouts!
The endoplasm attacks as it pursues you!
The endoplasm barely misses you.
The gnoll bouda barks out a call to the hunt!
The gnoll bouda gazes fiercely through you!
You feel your attacks grow feeble.
The endoplasm attacks as it pursues you!
The endoplasm barely misses you.
Your attacks no longer feel as feeble.
The endoplasm attacks as it pursues you!
The endoplasm hits you but does no damage.
You hit the endoplasm.
The endoplasm is severely wounded.
The endoplasm hits you but does no damage.
You hit the endoplasm.
You kill the endoplasm!
The gnoll barely misses you. The gnoll attacks as it pursues you!
The gnoll hits you but does no damage.
The gnoll is no longer moving quickly.
The gnoll attacks as it pursues you!
The gnoll hits you from afar with a +0 halberd.
There is a stone staircase leading up here.
The gnoll attacks as it pursues you! The gnoll closely misses you.
The gnoll misses you.
There is a stone staircase leading up here.
The gnoll barely misses you.
You climb upwards.
There is a stone staircase leading down here.
You barely miss the gnoll. The gnoll barely misses you.
You hit the gnoll.
The gnoll is moderately wounded.
The gnoll hits you with a +0 halberd. x2
You hit the gnoll.
The gnoll is heavily wounded.
The gnoll misses you.
You hit the gnoll.
The gnoll is heavily wounded.
The gnoll barely misses you.
You hit the gnoll.
The gnoll is almost dead.
The gnoll hits you with a +0 halberd!
Ouch! That really hurt!
* * * LOW HITPOINT WARNING * * *
Cleave: a) +0 hand axe
Press: ? - help, Dir - move target, f - gnoll
Aim: a gnoll, wielding a +0 halberd (almost dead, haloed, about 18% to evade your +0 hand axe)
You hit the gnoll.
You kill the gnoll!
A dart slug comes into view.
The dart slug launches a dart at you. The slug dart hits you.
* * * LOW HITPOINT WARNING * * *
You slash the dart slug!
The dart slug is severely wounded.
The dart slug launches a dart at you.
The slug dart hits you but does no damage.
You hit the dart slug.
You kill the dart slug!
There is a stone staircase leading down here.
You see here a +0 halberd.
Found 2 gold pieces.
You now have 48 gold pieces (gained 2).
HP restored.
Found 5 gold pieces.
HP restored.
You now have 53 gold pieces (gained 5).
As you open the door, it creaks loudly!
You hear an angry hiss.
There is an open door here.
A ball python comes into view.
A ball python is nearby!
You slash the ball python!
You kill the ball python!
No target in view!
Found a silvery potion.
p - a silvery potion You open the door.
There is an open door here.
Found 9 gold pieces.
You now have 62 gold pieces (gained 9).
Found a book of Minor Magic.
You pick up a book of Minor Magic and begin reading...
You add the spells Magic Dart, Blink and Call Imp to your library.
Found a scroll labelled CIDWANUNWA.
Found a stone staircase leading down.
l - 2 scrolls labelled CIDWANUNWA (gained 1)
An orc comes into view. It is wielding a +0 short sword.
The orc shouts!
There is a stone staircase leading down here.
Throw: 32 stones
Press: ? - help, Q - select action, (/) - cycle Shift-Dir - straight line, f - orc
Aim: an orc, wielding a +0 short sword (haloed, 75% to hit)
You throw a stone. The stone hits the orc.
The orc is lightly wounded.
You hit the orc.
The orc is moderately wounded.
The orc hits you with a +0 short sword.
You slash the orc!
You kill the orc!
No target in view!
No target in view!
You climb downwards.
The goblin shouts!
The goblin hits you but does no damage.
There is a stone staircase leading up here.
You hit the goblin.
You kill the goblin!
No target in view!
No target in view!
No target in view!
Things that are here:
a +0 dagger; a goblin corpse
Found an escape hatch in the ceiling.
Found a scroll labelled ANAEBI XA NYH.
A giant cockroach comes into view.
Found a book of Geomancy.
There are no items here.
You hit the giant cockroach.
The giant cockroach is heavily wounded.
The giant cockroach misses you.
You hit the giant cockroach.
The giant cockroach is severely wounded.
The giant cockroach misses you.
The giant cockroach bites you but does no damage.
You slash the giant cockroach!
You kill the giant cockroach!
No target in view!
j - 2 scrolls labelled ANAEBI XA NYH (gained 1)
You pick up a book of Geomancy and begin reading...
You add the spells Sandblast, Passwall, Stone Arrow and Brom's Barrelling Boulder to your library.
An endoplasm comes into view.
The endoplasm quivers.
You hit the endoplasm.
You kill the endoplasm!
Found a runed glass ring.
An iguana comes into view.
The iguana hisses angrily.
A bombardier beetle comes into view.
You hit the iguana.
The iguana is moderately wounded.
The iguana closely misses you.
You slash the iguana!
The iguana is severely wounded.
The iguana closely misses you.
You barely miss the iguana.
The iguana is severely wounded.
The iguana bites you! The iguana barely misses you.
You hit the iguana but do no damage.
The iguana is severely wounded.
The iguana bites you!
* * * LOW HITPOINT WARNING * * *
Cleave: a) +0 hand axe
Press: ? - help, Dir - move target, f - iguana
Aim: an iguana (severely wounded, haloed, about 18% to evade your +0 hand axe)
You hit the iguana.
The iguana is severely wounded.
The iguana barely misses you.
Cleave: a) +0 hand axe
Press: ? - help, Dir - move target, f/p - iguana
Aim: an iguana (severely wounded, haloed, about 18% to evade your +0 hand axe)
You hit the iguana but do no damage.
The iguana is severely wounded.
The iguana bites you.
* * * LOW HITPOINT WARNING * * *
Cleave: a) +0 hand axe
Press: ? - help, Dir - move target, f/p - iguana
Aim: an iguana (severely wounded, haloed, about 18% to evade your +0 hand axe)
You completely miss the iguana.
The iguana is severely wounded.
The iguana bites you.
* * * LOW HITPOINT WARNING * * *
You are confused.
You feel invigorated. The iguana bites you!
You die...

#........#####
###....##......###
..#..#.##........##
....#####.........#
....##.##.....##..#
....##.##..#..##..#
.†........######..#
..........#### #..#
..........##.. #@.#
..........##..##l.#
###...............#
#..............##
.........#...B...#
#...##...####.=..#
.# .. #.....#
#......# .....###


You could see a bombardier beetle and an iguana.

Vanquished Creatures
  A gnoll (D:3)
  2 dart slugs
  An orc (D:3)
  8 ball pythons
  3 endoplasms
  2 giant cockroaches
  3 hobgoblins
  4 kobolds
  2 bats
  A frilled lizard (D:1)
  A goblin (D:4)
  3 rats
31 creatures vanquished.

Notes
Turn   | Place    | Note
-------+----------+-------------------------------------------
     0 | D:1      | jagoly the Gargoyle Monk began the quest for the Orb.
     0 | D:1      | Reached XP level 1. HP: 14/14 MP: 1/1
   115 | D:1      | Reached XP level 2. HP: 19/19 MP: 2/2
   238 | D:1      | Reached skill level 1 in Stealth
   397 | D:3      | Reached XP level 3. HP: 21/24 MP: 3/3
   407 | D:3      | Found Omeasch's Antique Weapon Shop.
   831 | D:4      | Slain by an iguana

Illustrated notes

Levels and vault maps discovered:
D:1:      onia_arrival_mini_maze, layout_basic
D:2:      layout_loops_cross, basic_altar, corexii_item_surrounded_by_moat,
          uniq_jessica
D:3:      layout_basic, dreamdust_ecumenical_altar_hidden_monk_grotto,
          serial_shops, nicolae_shop_tiny_waterfront
D:4:      layout_cave_pools, serial_shops, shop, hangedman_decor_growths,
          kennysheep_orc_chapel, uniq_blork_the_orc

Skill      XL: |  1  2 |
---------------+-------+-----
Axes           | 3 |  3.6
Stealth        | 1 |  1.0
Fighting       | |  3.9
Dodging        | |  2.4

Action                     || total
---------------------------++-------
  Melee: Hand axe          ||    79
  Throw: Stone             ||     1
    Use: Potion            ||     1
 Armour: Robe              ||    49
  Dodge: Dodged            ||    57
